 Dungeon Crawl Stone Soup version 0.19-a0-1786-g230130f (webtiles) character file.

11951 kae the Carver (level 12, -8/100 HPs)
             Began as a Formicid Fighter on Oct 3, 2016.
             Was a Follower of Okawaru.
             Mangled by a seven-headed hydra (14 damage)
             ... on level 2 of the Lair of Beasts.
             The game lasted 00:21:01 (13815 turns).

kae the Carver (Formicid Fighter)                  Turns: 13815, Time: 00:21:01

Health: -8/100     AC:  7    Str: 28    XL:     12   Next: 14%
Magic:  21/21      EV: 10    Int:  9    God:    Okawaru [*.....]
Gold:   540        SH: 12    Dex: 10    Spells: 0 memorised, 11 levels left

rFire  . . .     SeeInvis +     E - +1 falchion (vamp)
rCold  . . .     Gourm    .     F - +0 ring mail (curse)
rNeg   . . .     Faith    .     c - +0 shield
rPois  .         Spirit   .     (helmet unavailable)
rElec  .         Dismiss  .     (no cloak)
rCorr  .         Reflect  .     (no gloves)
MR     +....     Harm     .     G - +0 pair of boots of Mythukk {Str+3}
Stlth  ..........               (no amulet)
                                i - +1 ring of protection
                                d - ring of magical power

@: studying Armour
A: permanent stasis, dig shafts and tunnels, four strong arms, antennae 3
a: Dig, Shaft Self, Heroism, Renounce Religion


You were on level 2 of the Lair of Beasts.
You worshipped Okawaru.
Okawaru was aware of your devotion.
You were not hungry.

You visited 3 branches of the dungeon, and saw 12 of its levels.
You also visited: Bailey.

You collected 939 gold pieces.
You spent 399 gold pieces at shops.

Inventory:

Hand Weapons
 a - a +0 long sword
 E - a +1 vampiric falchion (weapon)
Armour
 c - a +0 shield (worn)
 A - a +0 pair of boots
 F - a cursed +0 ring mail (worn)
 G - the +0 pair of boots of Mythukk (worn) {Str+3}
   (You found it on level 9 of the Dungeon)

   It affects your strength (+3).
Jewellery
 d - a ring of magical power (left hand)
 i - a +1 ring of protection (right hand)
 q - an uncursed ring of magical power
 t - an uncursed ring of see invisible {unknown}
 H - a +1 ring of protection
 O - a +2 ring of strength {unknown}
Wands
 y - a wand of slowing (39/48)
Scrolls
 b - a scroll of amnesia
 e - a scroll of magic mapping
 j - a scroll of fog {unknown}
 p - 3 scrolls of immolation
 r - 6 scrolls of remove curse
 x - a scroll of fear
 B - 6 scrolls of identify
 I - 2 scrolls of recharging
 J - a scroll of enchant weapon
Potions
 k - 4 potions of cancellation
 m - 3 potions of degeneration
 n - 5 potions of curing
 o - 2 potions of might
 u - a potion of agility
 C - 2 potions of flight
 K - 2 potions of heal wounds
 L - a potion of berserk rage {unknown}
Books
 g - a book of Battle

   Spells                             Type                      Level
   a - Infusion                       Charms                       1
   b - Shroud of Golubria             Charms/Translocation         2
   c - Song of Slaying                Charms                       2
   d - Spectral Weapon                Hexes/Charms                 3
   e - Regeneration                   Charms/Necromancy            3
 l - a manual of
Armour
 s - a book of Frost

   Spells                             Type                      Level
   a - Freeze                         Ice                          1
   b - Throw Frost                    Conjuration/Ice              2
   c - Ozocubu's Armour               Charms/Ice                   3
   d - Throw Icicle                   Conjuration/Ice              4
   e - Summon Ice Beast               Ice/Summoning                4
 w - a book of Minor Magic

   Spells                             Type                      Level
   a - Magic Dart                     Conjuration                  1
   b - Blink                          Translocation                2
   c - Call Imp                       Summoning                    2
   d - Repel Missiles                 Charms/Air                   2
   e - Slow                           Hexes                        2
   f - Conjure Flame                  Conjuration/Fire             3
   g - Mephitic Cloud                 Conjuration/Poison/Air       3
 D - a book of Changes

   Spells                             Type                      Level
   a - Beastly Appendage              Transmutation                1
   b - Sticks to Snakes               Transmutation                2
   c - Spider Form                    Transmutation/Poison         3
   d - Ice Form                       Ice/Transmutation            4
   e - Blade Hands                    Transmutation                5
 M - a book of Geomancy

   Spells                             Type                      Level
   a - Sandblast                      Earth                        1
   b - Passwall                       Transmutation/Earth          2
   c - Stone Arrow                    Conjuration/Earth            3
   d - Petrify                        Transmutation/Earth          4
   e - Lee's Rapid Deconstruction     Earth                        5
 N - a book of Cantrips

   Spells                             Type                      Level
   a - Confusing Touch                Hexes                        1
   b - Animate Skeleton               Necromancy                   1
   c - Summon Small Mammal            Summoning                    1
   d - Apportation                    Translocation                1
Comestibles
 f - 8 bread rations
 h - a beef jerky
 v - 5 fruits
 z - 4 meat rations
 P - a chunk of flesh


   Skills:
 + Level 11.3 Fighting
 * Level 14.0 Long Blades
 - Level 3.2 Armour
 - Level 10.0 Shields


You had 11 spell levels left.
You didn't know any spells.

Dungeon Overview and Level Annotations

Branches:
Dungeon (9/15)             Temple (1/1) D:7            Lair (2/6) D:9
  Swamp: Lair:2-4    Shoals: Lair:2-4     Snake: Lair:2-4    Spider: Lair:2-4
    Orc: D:9-12

Altars:
Ashenzari
Cheibriados
Dithmenos
Elyvilon
Fedhas
Gozag
Hepliaklqana
Kikubaaqudgha
Makhleb
Nemelex Xobeh
Okawaru
Qazlal
Ru
Sif Muna
Trog
Uskayaw
Vehumet
Xom
Yredelemnul
Zin
The Shining One

Shops:
D:4 *!   D:5 [   D:6 =   D:8 ?

Annotations:
Lair:2 exclusion: 2 oklob plants


Innate Abilities, Weirdness & Mutations

You are under a permanent stasis effect.
You can dig through walls and to a lower floor.
Your four strong arms can wield two-handed weapons with a shield.
You have a pair of large antennae on your head. (SInv)


Message History

You block the seven-headed hydra's attack. x2
The seven-headed hydra closely misses you.
The seven-headed hydra bites you.
* * * LOW HITPOINT WARNING * * *
The seven-headed hydra closely misses you.
A river rat comes into view.
Are you sure you want to shaft yourself?
You feel somewhat more hungry.
The seven-headed hydra barely misses you.
You riposte.
You hit the seven-headed hydra.
The seven-headed hydra is lightly wounded.
The seven-headed hydra bites you!
* * * LOW HITPOINT WARNING * * *
The seven-headed hydra bites you.
* * * LOW HITPOINT WARNING * * *
The seven-headed hydra bites you but does no damage.
You block the seven-headed hydra's attack.
The seven-headed hydra bites you but does no damage.
The seven-headed hydra bites you!
You die...

#.P...........
#.............
#.#.P....<....
####..#.........
..............#.
..............$.
..r.rr.rD.......
..r.rF.r@.......
######.#########
#P.##..P......
####PP.##.......
P..P..PP.{rPPP..#
P.PP..P...P....#
..PPPP......#P##
PP###.PPP.### # P
#####P.


You could see a seven-headed hydra, a bullfrog and 7 river rats.

Vanquished Creatures
  A hill giant (D:6)
  A two-headed ogre (D:8)
  Prince Ribbit (D:5)
  2 hippogriffs
  A spriggan (D:9)
  2 hungry ghosts
  5 humans (D:9)
  13 orc warriors
  A phantom (D:3)
  2 ice beasts (D:9)
  A hornet zombie (D:9)
  A sky beast (D:8)
  2 eyes of draining (D:6)
  8 centaurs
  3 necrophages
  9 ogres
  4 bullfrogs
  A wyvern zombie (D:7)
  2 scorpions (D:6)
  A wyvern skeleton (D:7)
  4 killer bees (D:9)
  5 wights (D:7)
  4 howler monkeys
  3 crimson imps
  2 hounds
  5 orc priests
  A gnoll shaman (D:5)
  2 centaur skeletons
  2 iguanas
  6 orc wizards
  14 worker ants
  A hound skeleton (D:6)
  Robin (D:3)
  4 worker ant zombies
  8 gnolls
  12 adders
  2 howler monkey skeletons
  A shadow imp (D:7)
  2 adder zombies
  An ooze (D:5)
  An adder skeleton (D:7)
  3 worms (D:3)
  8 leopard geckos
  41 orcs
  3 ball pythons (D:1)
  7 bats
  3 bat zombies (D:5)
  2 giant cockroaches (D:2)
  11 goblins
  10 hobgoblins
  4 jackals
  7 kobolds
  3 quokkas
  6 frilled lizards
  A jackal skeleton (D:5)
  A quokka skeleton (D:4)
  8 rats
  2 rat zombies (D:5)
  4 fungi (D:9)
  4 plants (D:9)
270 creatures vanquished.

Vanquished Creatures (others)
  4 fungi (D:9)
  A plant (D:9)
5 creatures vanquished.

Grand Total: 275 creatures vanquished

Notes
Turn   | Place    | Note
-------+----------+-------------------------------------------
     0 | D:1      | kae the Formicid Fighter began the quest for the Orb.
     0 | D:1      | Reached XP level 1. HP: 18/18 MP: 1/1
   200 | D:1      | Reached XP level 2. HP: 24/24 MP: 2/2
   642 | D:2      | Reached XP level 3. HP: 29/29 MP: 3/3
   652 | D:2      | Found a sparkling altar of Nemelex Xobeh.
   659 | D:2      | Reached skill level 3 in Long Blades
   781 | D:2      | Reached XP level 4. HP: 22/36 MP: 4/4
  1384 | D:3      | Noticed Robin
  1401 | D:3      | Reached XP level 5. HP: 21/42 MP: 5/5
  1407 | D:3      | Killed Robin
  2206 | D:3      | Reached skill level 4 in Long Blades
  2552 | D:3      | Reached skill level 5 in Shields
  2678 | D:4      | Noticed a phantom
  2750 | D:3      | Killed a phantom
  2750 | D:3      | Reached XP level 6. HP: 23/49 MP: 6/6
  2918 | D:4      | Found an opulent altar of Gozag.
  2960 | D:4      | Found Oquemioh's Assorted Antiques.
  3065 | D:4      | Bought a puce potion for 27 gold pieces
  3065 | D:4      | Bought a viscous puce potion for 27 gold pieces
  3065 | D:4      | Bought a brown potion for 27 gold pieces
  3065 | D:4      | Bought a scroll labeled PIECOLEMINT for 31 gold pieces
  3065 | D:4      | Bought a viscous sapphire potion for 27 gold pieces
  3065 | D:4      | Bought a scroll labeled URUOTT HOREGE for 31 gold pieces
  3228 | D:4      | Reached skill level 5 in Long Blades
  3665 | D:4      | Reached XP level 7. HP: 51/55 MP: 7/7
  3678 | D:4      | Found Qeredghor's Distillery.
  3686 | D:4      | Bought a potion of curing for 39 gold pieces
  3686 | D:4      | Bought a potion of curing for 39 gold pieces
  3686 | D:4      | Bought a potion of curing for 39 gold pieces
  4010 | D:4      | Found a hide-covered altar of Uskayaw.
  4030 | D:5      | Entered Level 5 of the Dungeon
  4354 | D:5      | Reached skill level 5 in Fighting
  4796 | D:5      | Found Jiwkupre's Antique Armour Emporium.
  4826 | D:5      | Reached skill level 6 in Long Blades
  4890 | D:5      | Reached XP level 8. HP: 50/63 MP: 8/8
  5092 | D:5      | Found a white marble altar of Elyvilon.
  5224 | D:5      | Noticed Prince Ribbit
  5250 | D:5      | HP: 3/64 [Prince Ribbit (12)]
  5568 | D:5      | Killed Prince Ribbit
  5568 | D:5      | Reached skill level 7 in Long Blades
  5801 | D:5      | Found an ancient bone altar of Kikubaaqudgha.
  5845 | D:6      | Found Heroq's Jewellery Boutique.
  5848 | D:6      | Bought a cursed amulet of inaccuracy for 24 gold pieces
  5848 | D:6      | Bought a +1 ring of protection for 36 gold pieces
  6434 | D:6      | Reached XP level 9. HP: 48/70 MP: 9/9
  6909 | D:6      | Noticed a hill giant
  7052 | D:6      | Reached skill level 8 in Long Blades
  7580 | D:6      | Found a bloodstained altar of Trog.
  7631 | D:6      | Reached skill level 9 in Long Blades
  7691 | D:6      | You fall through a shaft for 2 floors!
  7746 | D:8      | Found a shattered altar of Ashenzari.
  7810 | D:8      | Found a flagged portal.
  7820 | Bailey   | Entered a bailey
  8441 | Bailey   | Reached XP level 10. HP: 45/79 MP: 10/10
  9669 | Bailey   | Reached skill level 10 in Long Blades
  9916 | Bailey   | Noticed an orc knight
  9916 | Bailey   | Found a roughly hewn altar of Beogh.
  9923 | Bailey   | Reached skill level 10 in Fighting
  9923 | Bailey   | Reached skill level 12 in Long Blades
  9923 | Bailey   | Reached XP level 11. HP: 76/92 MP: 11/11
 10290 | D:7      | Found a staircase to the Ecumenical Temple.
 10322 | Temple   | Entered the Ecumenical Temple
 10634 | D:7      | Found a sacrificial altar of Ru.
 10956 | D:7      | Reached skill level 13 in Long Blades
 11631 | D:6      | Killed a hill giant
 11631 | D:6      | Reached skill level 10 in Shields
 11838 | D:6      | Found an iron altar of Okawaru.
 11846 | D:6      | Found a shadowy altar of Dithmenos.
 11846 | D:6      | Found a hazy altar of Hepliaklqana.
 11851 | D:6      | Became a worshipper of Warmaster Okawaru
 11853 | D:6      | Found a stormy altar of Qazlal.
 12130 | D:8      | Found a blossoming altar of Fedhas.
 12335 | D:8      | Found Bajybb's Magic Scroll Emporium.
 12354 | D:8      | Bought a scroll of identify for 26 gold pieces
 12354 | D:8      | Bought a scroll of identify for 26 gold pieces
 12635 | D:9      | Found a staircase to the Lair.
 12832 | D:9      | Got a pair of ichor-stained boots
 12843 | D:9      | Identified the +0 pair of boots of Mythukk {Str+3} (You found it on level 9 of the Dungeon)
 12931 | D:9      | Reached * piety under Okawaru
 12939 | D:9      | Reached XP level 12. HP: 95/100 MP: 12/12
 13755 | Lair:1   | Entered Level 1 of the Lair of Beasts
 13782 | Lair:1   | Reached skill level 14 in Long Blades
 13808 | Lair:1   | You fall through a shaft!
 13812 | Lair:2   | Noticed a seven-headed hydra
 13813 | Lair:2   | HP: 5/100 [seven-headed hydra (13)]
 13815 | Lair:2   | Mangled by a seven-headed hydra

Vault maps used:
D:1:      lordsloth_arrival_two_stooges
D:2:      nicolae_overflow_crystal_walls
D:3:      first_bread, uniq_robin
D:4:      nicolae_gozag_seed_capital, nicolae_overflow_hidden_temple,
          serial_shops, shop_coins, nicolae_shop_competitors_out_of_business,
          serial_glass, glass_columns_c, glass_columns_a, glass_columns_a,
          glass_columns_b, glass_columns_a, glass_columns_b, glass_columns_a,
          glass_columns_c
D:5:      elyvilon_altar_5, lemuel_zombie_altar_kikubaaqudgha, serial_shops,
          shop, uniq_prince_ribbit1
D:6:      kennysheep_windowed_halls, trog_eyes_of_draining,
          grunt_temple_overflow_open, serial_shops, nicolae_shop_behind_doors,
          nicolae_qazlal_style_of_elements
D:7:      kennysheep_mini
D:8:      ashenzari_conservatory_becter, fedhas_altar_1, serial_shops,
          shop_coins, enter_bailey_2
D:9:      due_lair_maze_entry_diamond, the_bakery, minmay_ruffians
Temple:   jpeg_temple_island
Lair:1:   basic_altar, serial_bayou_pond_e, uniq_harold
Lair:2:   minmay_lair_oklob_tunnel, minmay_shoals_entry_centaurs
Bailey:   bailey_polearm_2, bailey

Skill      XL: |  1  2  3  4  5  6  7  8  9 10 11 12 |
---------------+-------------------------------------+-----
Shields        | 4 5 6 7 8 9 10 | 10.0
Long Blades    | 3 4 5 6 7 9 12 13 14 | 14.0
Fighting       | 4 5 6 7 10 11 | 11.3
Armour         | |  3.2

Action                   |  1- 3 |  4- 6 |  7- 9 | 10-12 || total
-------------------------+-------+-------+-------+-------++-------
Melee: Long sword        |    67 |   271 |   201 |       ||   539
       Falchion          |       |       |   343 |   850 ||  1193
 Abil: Dig               |     2 |     3 |    13 |     7 ||    25
       Shaft Self        |       |       |     1 |     1 ||     2
Evoke: Wand              |       |       |       |     1 ||     1
  Use: Scroll            |     1 |     1 |     8 |     5 ||    15
       Potion            |       |     1 |     7 |    11 ||    19
  Eat: Chunk             |       |     9 |    15 |    18 ||    42
       Bread ration      |       |       |     2 |     1 ||     3
       Pizza             |       |       |       |     1 ||     1
Armor: Scale mail        |    28 |    81 |   124 |     1 ||   234
       Skin              |       |       |       |    10 ||    10
       Ring mail         |       |       |       |    98 ||    98
Dodge: Dodged            |    25 |    82 |   155 |   131 ||   393
Block: Shield            |    36 |   144 |   277 |   296 ||   753
       Rpst.: Long sword |     7 |    26 |    32 |       ||    65
       Falchion          |       |       |    22 |    36 ||    58
